 Dungeon Crawl Stone Soup version 0.20.1-1-g8b1a95d (webtiles) character file.

2043 LittCuttar the Blocker (level 9, -9/81 HPs)
             Began as a Minotaur Fighter on Oct 1, 2017.
             Was a Priest of Okawaru.
             Mangled by a slime creature (12 damage)
             ... on level 7 of the Dungeon on Oct 2, 2017.
             The game lasted 00:16:53 (5527 turns).

LittCuttar the Blocker (Minotaur Fighter)           Turns: 5527, Time: 00:16:53

Health: -9/81      AC: 15    Str: 24    XL:     9   Next: 4%
Magic:  7/8        EV:  9    Int:  5    God:    Okawaru [***...]
Gold:   345        SH: 13    Dex: 10    Spells: 8/8 levels left

rFire    . . .     SeeInvis .   C - +3 mace
rCold    . . .     Gourm    .   c - +0 shield
rNeg     . . .     Faith    .   I - +0 plate armour
rPois    .         Spirit   .   (helmet restricted)
rElec    .         Reflect  .   (no cloak)
rCorr    .         Harm     .   (no gloves)
MR       .....                  (no boots)
Stlth    ..........             k - amulet of rage
Regen    0.3/turn               (no ring)
MPRegen  0.2/turn               (no ring)

@: lethally poisoned (-9 -> -10), heroism
A: retaliatory headbutt, horns 2
a: Heroism, Renounce Religion, Evoke Berserk Rage


You were on level 7 of the Dungeon.
You worshipped Okawaru.
Okawaru was most pleased with you.
You were hungry.

You visited 1 branch of the dungeon, and saw 7 of its levels.

You collected 345 gold pieces.

Inventory:

Hand Weapons
 a - a +0 war axe
 C - a +3 mace (weapon)
 H - a cursed +3 spear
 J - a +1 mace of crushing
 L - a +5 scimitar
Armour
 c - a +0 shield (worn)
 I - a +0 plate armour (worn)
Jewellery
 b - an uncursed ring of protection from fire
 k - an amulet of rage (around neck)
 u - an uncursed ring of fire
Wands
 F - a wand of acid (10/15)
 G - a wand of flame (28/48)
Scrolls
 e - a scroll of fear {unknown}
 g - a scroll of teleportation {unknown}
 i - 2 scrolls of immolation {unknown}
 l - 2 scrolls of identify
 o - 3 scrolls of magic mapping {unknown}
 p - 3 scrolls of remove curse {unknown}
 r - 4 scrolls of amnesia {unknown}
 y - 2 scrolls of recharging {unknown}
 B - 6 scrolls of blinking {unknown}
 E - 3 scrolls of noise {unknown}
 O - a scroll of random uselessness {unknown}
Potions
 d - 3 potions of might
 j - 3 potions of haste {unknown}
 m - a potion of invisibility {unknown}
 q - a potion of flight {unknown}
 s - a potion of ambrosia {unknown}
 t - a potion of berserk rage {unknown}
 v - 2 potions of degeneration {unknown}
 w - 3 potions of curing {unknown}
 x - a potion of brilliance {unknown}
 z - 4 potions of cancellation {unknown}
 A - 3 potions of lignification {unknown}
 D - a potion of heal wounds {unknown}
Books
 M - a book of Cantrips

   Spells                             Type                      Level
   a - Confusing Touch                Hexes                        1
   b - Animate Skeleton               Necromancy                   1
   c - Summon Small Mammal            Summoning                    1
   d - Apportation                    Translocation                1
Comestibles
 f - 4 bread rations
 h - 7 meat rations
 n - 2 royal jellies
 K - 3 fruits
 N - 2 chunks of flesh


   Skills:
 + Level 8.1(13.1) Fighting
 - Level 4.6(11.0) Axes
 * Level 5.9(11.6) Maces & Flails
 + Level 6.8(11.8) Armour
 * Level 8.7(13.7) Shields


You had 8 spell levels left.
You didn't know any spells.

Dungeon Overview and Level Annotations

Branches:
Dungeon (7/15)             Temple (0/1) D:5

Altars:
Ashenzari
Elyvilon
Okawaru
Trog

Shops:
D:4 [?:   D:5 %   D:7 }


Innate Abilities, Weirdness & Mutations

You reflexively headbutt those who attack you in melee.
You have a pair of horns on your head.


Message History

You hit the slime creature.
The slime creature is heavily wounded.
The slime creature hits you but does no damage.
You hit the slime creature.
The slime creature is heavily wounded.
The slime creature hits you.
* * * LOW HITPOINT WARNING * * *
You hit the slime creature. You headbutt the slime creature.
The slime creature is severely wounded.
The slime creature hits you but does no damage.
You hit the slime creature.
The slime creature is severely wounded.
You feel sick. You block the adder zombie's attack.
You hit the slime creature.
The slime creature is severely wounded.
You block the slime creature's attack. You block the adder zombie's attack.
You hit the adder zombie. Your headbutt misses the adder zombie.
The adder zombie is heavily damaged.
The slime creature hits you!
You die...

(. #...##......####.####.#.##.##
. ..........................>..
#.#.#..##.###.###.#####.####...
.##.#.##.##.###.###.## #.# ###.
.+...(...............# #.####...
.####.###.#.##..###.## #.#......
.#..........##.## #.## #.####...
.#.......#..##.####..####.####.#.
.#....[..)....aJ@................
.#.......##(##.##Z...............
.........+..............##.###...
.........##..#.##.#..#####.# ####
......^..##..#.##.#..### #.#
....#######............# #.#
....# #.#......<.#.# #.######
...[# #.#.....#..#.###.......
....# ...........#..##.......


You could see a slime creature, a worker ant and an adder zombie.

Vanquished Creatures
  A hungry ghost (D:7)
  A sky beast (D:7)
  2 orc warriors
  A phantom (D:4)
  2 centaurs
  4 ogres
  The ghost of Internecine the Vexing, an amateur MfAM (D:3)
  A crocodile (D:7)
  A bullfrog (D:6)
  2 scorpions
  4 wights (D:6)
  A howler monkey (D:4)
  A jelly (D:4)
  A bullfrog skeleton (D:3)
  An orc wizard (D:3)
  A hound (D:5)
  Terence (D:3)
  An iguana (D:6)
  7 worker ants
  A killer bee zombie (D:7)
  Robin (D:4)
  4 adders
  A shadow imp (D:6)
  An ooze (D:4)
  An adder skeleton (D:7)
  2 worms
  A dart slug (D:4)
  2 leopard geckos (D:1)
  13 orcs
  4 giant cockroaches
  13 goblins
  11 hobgoblins
  2 quokkas
  8 bats
  6 frilled lizards
  A jackal zombie (D:7)
  9 kobolds
  6 rats
121 creatures vanquished.

Notes
Turn   | Place    | Note
-------+----------+-------------------------------------------
     0 | D:1      | LittCuttar the Minotaur Fighter began the quest for the Orb.
     0 | D:1      | Reached XP level 1. HP: 19/19 MP: 0/0
   234 | D:1      | Reached XP level 2. HP: 26/27 MP: 1/1
   865 | D:1      | Reached XP level 3. HP: 33/34 MP: 2/2
  1059 | D:2      | Found an iron altar of Okawaru.
  1067 | D:2      | Became a worshipper of Warmaster Okawaru
  1517 | D:3      | Noticed Terence
  1527 | D:3      | Killed Terence
  1547 | D:3      | Reached XP level 4. HP: 36/41 MP: 3/3
  1550 | D:3      | Reached skill level 5 in Fighting
  1619 | D:3      | Reached XP level 5. HP: 43/48 MP: 4/4
  1977 | D:3      | Noticed Internecine's ghost (amateur MfAM)
  1994 | D:3      | Killed Internecine's ghost
  1994 | D:3      | Reached * piety under Okawaru
  2179 | D:4      | Noticed Robin
  2186 | D:4      | Reached XP level 6. HP: 45/57 MP: 5/5
  2191 | D:4      | Killed Robin
  2373 | D:4      | Found Yduguhopn's Armour Emporium.
  2400 | D:4      | Reached skill level 5 in Shields
  2468 | D:4      | Reached skill level 5 in Armour
  2752 | D:4      | Found a shattered altar of Ashenzari.
  2786 | D:4      | Reached XP level 7. HP: 55/64 MP: 6/6
  2799 | D:4      | Found Qazuon's Book Shop.
  2809 | D:4      | Found Ylufoh's Magic Scroll Shop.
  2933 | D:4      | Reached ** piety under Okawaru
  3259 | D:5      | Entered Level 5 of the Dungeon
  3304 | D:5      | Found Xuupol's Food Boutique.
  3537 | D:5      | Found a white marble altar of Elyvilon.
  3549 | D:5      | Found a bloodstained altar of Trog.
  3569 | D:5      | Reached skill level 1 in Maces & Flails
  3690 | D:5      | Found a staircase to the Ecumenical Temple.
  4046 | D:6      | Reached XP level 8. HP: 59/73 MP: 7/7
  4878 | D:7      | Reached *** piety under Okawaru
  5053 | D:7      | Reached skill level 5 in Maces & Flails
  5316 | D:7      | Found Venitaaha's Gadget Emporium.
  5470 | D:7      | Paralysed by fainting for 6 turns
  5474 | D:7      | Noticed a slime creature
  5478 | D:7      | Reached XP level 9. HP: 69/81 MP: 8/8
  5485 | D:7      | HP: 3/81 [slime creature (12)]
  5514 | D:7      | HP: 4/81 [poisoned by a worker ant]
  5521 | D:7      | HP: 4/81 [poisoned by a worker ant]
  5527 | D:7      | Mangled by a slime creature

Skill      XL: |  1  2  3  4  5  6  7  8 |
---------------+-------------------------+-----
Fighting       | 4 5 6 7 8 |  8.1
Shields        | 4 5 7 8 |  8.7
Armour         | 4 5 6 |  6.8
Axes           | 3 4 |  4.6
Maces & Flails | 3 5 |  5.9

Action                   |  1- 3 |  4- 6 |  7- 9 || total
-------------------------+-------+-------+-------++-------
Melee: War axe           |    95 |   127 |    39 ||   261
       Headbutt          |    11 |    18 |    43 ||    72
       Mace              |       |       |   192 ||   192
Invok: Heroism           |       |       |     1 ||     1
  Use: Scroll            |     2 |       |     3 ||     5
  Eat: Chunk             |     2 |     4 |     9 ||    15
       Bread ration      |       |       |     1 ||     1
Armor: Chain mail        |    51 |    59 |    26 ||   136
       Scale mail        |     3 |       |       ||     3
       Plate armour      |       |       |    76 ||    76
Dodge: Dodged            |    38 |    29 |    31 ||    98
Block: Shield            |    52 |    62 |   114 ||   228
